 Dungeon Crawl Stone Soup version 0.30-a0-596-g0af90f9 (webtiles) character file.

Game seed: 1107097361466673466

293 milkiemew the Slasher (level 6, -1/46 HPs)
             Began as a Demonspawn Gladiator on Jan 6, 2023.
             Killed by nerve-wracking pain
             ... invoked by an orc priest
              (13 damage)
             ... while paralysed by a goblin
             ... on level 4 of the Dungeon.
             The game lasted 00:12:39 (3077 turns).

milkiemew the Slasher (Demonspawn Gladiator)        Turns: 3077, Time: 00:12:39

Health: -1/46      AC: 18    Str: 16    XL:     6   Next: 11%
Magic:  6/6        EV:  2    Int: 10    God:
Gold:   112        SH:  0    Dex: 14    Spells: 5/5 levels left

rFire   . . .      SeeInvis .    a - +0 long sword
rCold   . . .      Faith    .    H - +0 kite shield
rNeg    . . .      Spirit   .    p - +0 chain mail
rPois   .          Reflect  .    u - +2 helmet
rElec   .          Harm     .    K - +0 cloak
rCorr   .          Rampage  .    (no gloves)
Will    .....                    v - +0 pair of boots Stlth
                                 (no amulet)
HPRegen 0.27/turn                m - +4 ring of protection
MPRegen 0.20/turn                (no ring)

@: paralysed, very slow
A: hooves 2, magic regeneration, sharp scales 1
a: no special abilities


You were on level 4 of the Dungeon.
You visited 1 branch of the dungeon, and saw 4 of its levels.

You collected 112 gold pieces.

Inventory:

Hand Weapons
 a - a +0 long sword (weapon)
 k - a +1 dagger of venom
 o - a +0 mace
 A - a +0 sling
 B - a +2 dagger of speed
 F - a +2 dagger of draining
Missiles
 t - 4 poisoned darts (quivered)
 J - 4 atropa-tipped darts
Armour
 b - a +0 leather armour
 c - a +0 helmet
 g - a +0 scale mail
 i - a +0 buckler
 p - a +0 chain mail (worn)
 r - a +0 ring mail
 u - a +2 helmet (worn)
 v - a +0 pair of boots (worn)
 H - a +0 kite shield (worn)
 K - a +0 cloak (worn)
Magical Staves
 G - a staff of death
Jewellery
 m - a +4 ring of protection (left hand)
Scrolls
 h - 3 scrolls of immolation {unknown}
 j - a scroll of magic mapping {unknown}
 l - 8 scrolls of identify {unknown}
 s - a scroll of blinking {unknown}
 w - a scroll of torment {unknown}
 x - a scroll of noise {unknown}
 y - 2 scrolls of teleportation {unknown}
 I - a scroll of poison {unknown}
Potions
 d - a potion of brilliance {unknown}
 e - a potion of resistance {unknown}
 f - 4 potions of curing {unknown}
 n - a potion of lignification {unknown}
 q - a potion of heal wounds {unknown}
 z - a potion of mutation {unknown}
 C - a potion of magic {unknown}
 D - a potion of might {unknown}
 E - a potion of invisibility {unknown}


   Skills:
 + Level 2.8 Fighting
 + Level 4.3 Long Blades
 + Level 2.2 Throwing
 + Level 2.0 Armour
 + Level 3.2 Dodging
 + Level 0.1 Stealth
 + Level 2.0 Shields


You had 5 spell levels left.
You didn't know any spells.
Your spell library was empty.

Dungeon Overview and Level Annotations

Branches:
Dungeon (4/15)
 Temple: D:4-7

Altars:


Innate Abilities, Weirdness & Mutations

You have hoof-like feet.
You regenerate magic rapidly.
You are partially covered in razor-sharp scales. (AC +1, Slay +1)


Message History

Deactivating autopickup; reactivate with Ctrl-A.
The orc priest begins to cast a cantrip, but forgets the words!
You barely miss the orc priest.
The orc priest is moderately wounded.
The goblin throws a stone.
The stone hits you.
The orc priest hits you but does no damage.
You hit the orc priest.
The orc priest is severely wounded.
The orc priest calls down the wrath of Beogh upon you.
Beogh smites you!
The goblin zaps a wand.
You resist with some effort. Something hits you but does no damage.
Your unstable footing causes you to fumble your attack.
Something hits you but does no damage.
Your unstable footing causes you to fumble your attack.
The orc priest hits you but does no damage.
The orc hits you but does no damage.
You hear some strange, mumbled words.
A magic dart appears from out of thin air!
The magic dart hits you but does no damage.
The orc priest hits you but does no damage.
You hit the orc priest.
The orc priest is almost dead.
You hear a splashing noise.
The orc priest calls down the wrath of Beogh upon you.
Beogh smites you!
The goblin zaps a wand.
You suddenly lose the ability to move!
Something hits you but does no damage. The orc completely misses you.
The orc priest hits you but does no damage.
The goblin throws a stone.
The stone barely misses you.
You hear some strange, mumbled words.
Something tries to affect you, but you resist.
The orc priest mumbles some strange prayers to Beogh against you.
Beogh smites you!
* * * LOW HITPOINT WARNING * * *
The orc hits you but does no damage.
You hear a splashing noise.
The orc splashes around in the water.
The orc priest calls down the wrath of Beogh upon you.
Pain shoots through your body!
You die...

~~≈≈≈~~####'#####
.~~≈≈≈~~~ #..#
.~~≈≈~o ##''##
######≈≈~~~ #....#
~~~~~≈≈≈~~ #....#
~~~~~≈≈~~ #....#
###~g≈~~######....#
#~~~≈≈o{o~~~#.####.#
~~~~≈~≈~@~~~~## #~~
#~~~~≈≈≈o~~### ##~
############


You could see an orc priest, 2 orcs and a goblin.

Vanquished Creatures
  2 scorpions (D:4)
  2 hounds (D:4)
  3 adders
  A worm (D:2)
  2 dart slugs (D:3)
  4 orcs
  5 ball pythons
  3 endoplasms
  6 giant cockroaches
  7 goblins
  7 hobgoblins
  3 quokkas
  7 bats
  2 frilled lizards (D:1)
  14 kobolds
  3 rats
71 creatures vanquished.

Vanquished Creatures (others)
  A plant (D:4)
1 creature vanquished.

Grand Total: 72 creatures vanquished

Notes
Turn   | Place    | Note
-------+----------+-------------------------------------------
     0 | D:1      | milkiemew the Demonspawn Gladiator began the quest for the
                  | Orb.
     0 | D:1      | Reached XP level 1. HP: 16/16 MP: 1/1
   214 | D:1      | Reached skill level 3 in Long Blades
   214 | D:1      | Gained mutation: You are partially covered in razor-sharp
                  | scales. (AC +1, Slay +1) [demonic ancestry]
   214 | D:1      | Reached XP level 2. HP: 22/22 MP: 2/2
  1233 | D:2      | Gained mutation: You have large cloven feet. [demonic
                  | ancestry]
  1233 | D:2      | Reached XP level 3. HP: 27/27 MP: 3/3
  1460 | D:2      | Found a faded altar of an unknown god.
  1643 | D:2      | Reached skill level 1 in Armour
  2092 | D:3      | Gained mutation: You have hoof-like feet. [demonic
                  | ancestry]
  2092 | D:3      | Reached XP level 4. HP: 33/33 MP: 4/4
  2364 | D:4      | Reached skill level 1 in Shields
  2445 | D:4      | Noticed a scorpion
  2454 | D:4      | Killed a scorpion
  2455 | D:4      | Reached XP level 5. HP: 30/39 MP: 5/5
  2710 | D:4      | Reached skill level 4 in Long Blades
  2799 | D:4      | Gained mutation: You regenerate magic rapidly. [demonic
                  | ancestry]
  2799 | D:4      | Reached XP level 6. HP: 41/46 MP: 6/6
  3059 | D:4      | Paralysed by a goblin for 2 turns
  3074 | D:4      | Paralysed by a goblin for 5 turns
  3077 | D:4      | Killed from afar by an orc priest

Illustrated notes

Levels and vault maps discovered:
D:1:      kennysheep_arrival_forest, layout_basic
D:2:      layout_basic, shapermc_ecumenical_altar_pompeii, chequers_arboretum,
          grunt_ministairs_10
D:3:      layout_basic
D:4:      wad_lake_hut, layout_basic

Skill      XL: |  1  2  3  4  5 |
---------------+----------------+-----
Long Blades    | 3 4 |  4.3
Dodging        | 3 |  3.2
Armour         | 1 2 |  2.0
Shields        | 1 2 |  2.0
Throwing       | 2 |  2.2
Fighting       | |  2.8
Stealth        | |  0.1

Action                   |  1- 3 |  4- 6 || total
-------------------------+-------+-------++-------
Melee: Long sword        |   108 |    89 ||   197
       Kick              |     7 |       ||     7
Throw: Javelin           |     2 |       ||     2
       Throwing net      |     2 |     4 ||     6
       Dart              |       |     9 ||     9
Armor: Scale mail        |    22 |       ||    22
       Leather armour    |     2 |       ||     2
       Chain mail        |    42 |    79 ||   121
Dodge: Dodged            |    48 |    42 ||    90
Block: Buckler           |    15 |     8 ||    23
       Kite shield       |       |    28 ||    28

Table legend: (Time is in decaauts)
 A = Elapsed time spent in this place.
 B = Non-inter-level travel time spent in this place.
 C = Inter-level travel time spent in this place.
 D = Time resting spent in this place.
 E = Time spent auto-exploring this place.
 F = Levels seen in this place.
 G = Mean time per level.
                   A        B        C        D        E       F      G
               +--------+--------+--------+--------+--------+-----+--------+
         Total |   3153 |   3015 |    138 |      0 |   2132 |   4 |  788.2 |
       Dungeon |   3153 |   3015 |    138 |      0 |   2132 |   4 |  788.2 |
               +--------+--------+--------+--------+--------+-----+--------+

Top non-repeatable levels by time:
     D:1: 975 daAuts
     D:2: 847 daAuts
     D:4: 816 daAuts
     D:3: 514 daAuts
